 Dungeon Crawl Stone Soup version 0.31-a0-331-geda263fcf1 (webtiles) character file.

Game seed: 4381983341590857886

4711 arthad the Basher (level 10, -2/64 HPs)
             Began as a Gargoyle Fighter on July 20, 2023.
             Was a Priest of Okawaru.
             Slain by a yak (8 damage)
             ... on level 8 of the Dungeon.
             The game lasted 00:20:59 (6731 turns).

arthad the Basher (Gargoyle Fighter)                Turns: 6731, Time: 00:20:59

Health: -2/64      AC: 19    Str: 25    XL:     10   Next: 45%
Magic:  12/12      EV: 16    Int:  8    God:    Okawaru [***...]
Gold:   344        SH:  6    Dex: 14    Spells: 9/9 levels left

rFire   . . .        K - +5 mace of Lamoyqel {holy, rC+ Will+ Dex+5}
rCold   + . .        c - +0 buckler
rNeg    + . .        b - +0 scale mail
rPois   ∞            j - +0 helmet
rElec   +            L - +0 cloak
rCorr   .            (no gloves)
SInv    .            r - +0 pair of boots
Will    +....        (no amulet) Stlth
                     f - +5 ring of evasion
HPRegen 0.30/turn    B - +4 ring of slaying
MPRegen 0.13/turn

%: no passive effects
@: no status effects
A: sickness immunity, AC +7, negative energy resistance 1, electricity
resistance, torment resistance 1, petrification resistance
a: Renounce Religion, Heroism


You were on level 8 of the Dungeon.
You worshipped Okawaru.
Okawaru was most pleased with you.
You visited 2 branches of the dungeon, and saw 9 of its levels.
You also visited: Sewer.

You collected 560 gold pieces.
You spent 216 gold pieces at shops.

Inventory:

Hand Weapons
 a - a +0 flail
 d - a +5 flail of protection
 s - a +0 dagger of electrocution
 x - a +0 vampiric trident
 y - a +2 flail of holy wrath
 D - a +2 whip of freezing
 K - the +5 mace of Lamoyqel (weapon) {holy, rC+ Will+ Dex+5}
   (You bought it in a shop on level 5 of the Dungeon)

   Dex:       It affects your dexterity (+5).
   rC:        It protects you from cold.
   Will:      It increases your willpower.
Missiles
 p - a curare-tipped dart (quivered)
 q - 2 atropa-tipped darts
 N - 2 poisoned darts
Armour
 b - a +0 scale mail (worn)
 c - a +0 buckler (worn)
 j - a +0 helmet (worn)
 r - a +0 pair of boots (worn)
 L - a +0 cloak (worn)
Magical Staves
 M - a staff of poison
Jewellery
 f - a +5 ring of evasion (left hand)
 k - a ring of protection from fire
 t - a +4 ring of protection
 B - a +4 ring of slaying (right hand)
 G - a +5 ring of evasion
 J - a ring of see invisible
Talismans
 C - a beast talisman
Wands
 m - a wand of polymorph (5)
 w - a wand of charming (7)
 A - a wand of quicksilver (5)
 O - a wand of mindburst (8)
Scrolls
 l - 2 scrolls of enchant armour
 n - 4 scrolls of teleportation
 o - 2 scrolls of immolation
 v - a scroll of noise
 z - 8 scrolls of identify
 F - 9 scrolls of vulnerability
 P - a scroll of brand weapon {unknown}
Potions
 e - a potion of brilliance {unknown}
 g - a potion of ambrosia {unknown}
 h - a potion of curing {unknown}
 i - 2 potions of lignification {unknown}
 u - a potion of haste
 E - a potion of experience {unknown}
 H - a potion of cancellation {unknown}
 I - a potion of mutation {unknown}
 Q - a potion of might


   Skills:
 + Level 7.7 Fighting
 * Level 8.5 Maces & Flails
 + Level 7.6 Armour
 + Level 4.1 Dodging
 + Level 7.5 Shields
 + Level 3.7 Invocations


You had 9 spell levels left.
You didn't know any spells.
Your spell library contained the following spells:

 Spells                   Type           Power      Damage    Failure   Level
 Foxfire                  Conj/Fire      0%         2x1d4     71%         1
 Magic Dart               Conj           0%         1d3       71%         1
 Sting                    Tmut/Pois      0%         1d3       71%         1
 Momentum Strike          Conj/Tloc      0%         3d8       85%         2
 Poisonous Vapours        Pois/Air       0%         N/A       85%         2
 Hailstorm                Conj/Ice       0%         3d3       97%         3
 Mephitic Cloud           Conj/Pois/Air  0%         N/A       97%         3
 Portal Projectile        Hex/Tloc       0%         N/A       97%         3
 Leda's Liquefaction      Hex/Erth       0%         N/A       100%        4
 Freezing Cloud           Conj/Ice/Air   0%         6-21      100%        5
 Call Imp                 Summ           Unusable   N/A       N/A         2
 Call Canine Familiar     Summ           Unusable   N/A       N/A         3
 Malign Gateway           Summ/Tloc      Unusable   N/A       N/A         7
 Summon Horrible Things   Summ           Unusable   N/A       N/A         8

Dungeon Overview and Level Annotations

Branches:
Dungeon (8/15)             Temple (1/1) D:5           Sewer (visited)
   Lair: D:8-11

Altars:
Ashenzari
Elyvilon
Fedhas
Gozag
Hepliaklqana
Makhleb
Nemelex Xobeh
Okawaru
Qazlal
Ru
Sif Muna
Trog
Uskayaw
Vehumet
Wu Jian
Xom
Yredelemnul
Zin
The Shining One
Lugonu

Shops:
D:1 *   D:5 *([*

Annotations:
D:7 4 runed translucent doors


Innate Abilities, Weirdness & Mutations

You are immune to sickness and miasma.
Your stone body is resilient. (AC +7)
You are immune to poison.
You resist negative energy. (rN+)
You are resistant to electric shocks. (rElec)
You are resistant to unholy torment.
You are immune to petrification.


Message History

The yak misses you. x2; The yak completely misses you.
A wight comes into view. It is wielding a +5 falchion.
You hit the yak.
The yak is severely wounded.
The yak closely misses you. The yak barely misses you.
You block the yak's attack.
You hit the yak.
The yak is almost dead.
The yak gores you! The yak barely misses you. The yak misses you.
You sock the yak!
You kill the yak!
Okawaru accepts your kill.
Okawaru will now gift you throwing weapons as you gain piety.
The yak gores you but does no damage. The yak barely misses you.
You closely miss the wight. The yak barely misses you.
The yak gores you but does no damage. The wight closely misses you.
You hit the wight but do no damage. The yak misses you.
The yak completely misses you. The wight barely misses you.
You hit the wight but do no damage. The yak gores you! The yak gores you.
The wight hits you with a +3 great sword!
* * * LOW HITPOINT WARNING * * *
You are too injured to fight recklessly!
You are too injured to fight recklessly!
You are too injured to fight recklessly!
You are too injured to fight recklessly!
You are too injured to fight recklessly!
You are too injured to fight recklessly!
You are too injured to fight recklessly!
You are too injured to fight recklessly!
You are too injured to fight recklessly!
You are too injured to fight recklessly!
You are too injured to fight recklessly!
You are too injured to fight recklessly!
You are too injured to fight recklessly!
You are too injured to fight recklessly!
The wight attacks as you move away!
The wight hits you with a +3 great sword!
* * * LOW HITPOINT WARNING * * *
The yak attacks as you move away! The yak gores you!
You die...

#...## .#.#...........
.##.....
...............
......#.
#..............##......
#......................
##..........# .......).
.#...........#
......... ......zYY...#
......... #....@z#..##
......... #..!###.....#
......... #. ##..#.##
......... #)..# #
##......) #...#
#....))) #.### ##.....)
#.#### #....## ##
##....######.....##
...#................#.


You could see 2 yaks and 2 wights.

Vanquished Creatures
  Pikel (D:5)
  2 trolls (D:7)
  A wraith (D:7)
  Sigmund (D:6)
  2 wyverns
  2 yaks (D:8)
  A steam dragon (D:7)
  Edmund (D:6)
  A water moccasin (D:5)
  2 orc warriors (D:7)
  Pargi (Sewer)
  An ice beast (D:6)
  A black bear (D:5)
  A sky beast (D:7)
  An ogre (D:4)
  A lemure (D:5)
  A centaur (D:8)
  2 phantoms (D:5)
  Blork the orc (D:6)
  2 bullfrogs
  A gnoll sergeant (D:5)
  4 scorpions
  2 wights
  4 killer bees (D:8)
  A howler monkey (D:7)
  5 hounds
  An orc priest (D:8)
  A sleepcap (D:8)
  Jessica (D:2)
  Natasha (twice) (D:2)
  4 iguanas
  7 orc wizards
  Terence (D:2)
  Robin (D:2)
  8 gnolls
  6 adders
  A river rat (D:5)
  A white imp (D:6)
  2 ufetubi
  A worm (D:3)
  4 dart slugs
  18 orcs
  4 ball pythons
  2 endoplasms
  3 giant cockroaches
  22 goblins
  14 hobgoblins
  7 jackals
  6 kobolds
  5 quokkas
  10 bats
  6 frilled lizards
  7 rats
188 creatures vanquished.

Vanquished Creatures (collateral kills)
  2 gnolls (D:5)
  An ufetubus (D:5)
  3 orcs (D:5)
6 creatures vanquished.

Vanquished Creatures (others)
  An orc wizard (D:7)
1 creature vanquished.

Grand Total: 195 creatures vanquished

Notes
Turn   | Place    | Note
-------+----------+-------------------------------------------
     0 | D:1      | arthad the Gargoyle Fighter began the quest for the Orb.
     0 | D:1      | Reached XP level 1. HP: 14/14 MP: 1/1
    63 | D:1      | Found a faded altar of an unknown god.
    77 | D:1      | Reached XP level 2. HP: 6/19 MP: 2/2
   300 | D:1      | Found Zism's General Store.
   932 | D:2      | Reached XP level 3. HP: 19/23 MP: 3/3
   965 | D:2      | Noticed Jessica
   968 | D:2      | Killed Jessica
  1004 | D:2      | Reached XP level 4. HP: 29/29 MP: 4/4
  1084 | D:2      | Noticed Robin
  1143 | D:2      | Killed Robin
  1273 | D:2      | Reached skill level 3 in Maces & Flails
  1273 | D:2      | Reached XP level 5. HP: 32/33 MP: 5/5
  1296 | D:2      | Noticed Terence
  1308 | D:2      | Killed Terence
  1385 | D:2      | Noticed Natasha
  1395 | D:2      | Killed Natasha
  1531 | D:2      | Noticed Natasha
  1549 | D:2      | Killed Natasha
  1868 | D:3      | Reached XP level 6. HP: 34/39 MP: 6/6
  2394 | D:4      | Reached skill level 4 in Maces & Flails
  2601 | D:4      | Reached XP level 7. HP: 44/44 MP: 7/7
  2639 | D:4      | Reached skill level 5 in Fighting
  2644 | D:4      | Reached skill level 5 in Shields
  2648 | D:4      | Reached skill level 5 in Armour
  2652 | D:4      | Reached skill level 1 in Dodging
  3078 | D:5      | Entered Level 5 of the Dungeon
  3078 | D:5      | Found Tepixkuh's Assorted Antiques.
  3078 | D:5      | Found Myobaf's Antique Weapon Shop.
  3078 | D:5      | Found Bopuxigg's Antique Armour Shop.
  3085 | D:5      | Bought a scroll labelled ATODUR CEYNT for 24 gold pieces
  3103 | D:5      | Found a stormy altar of Qazlal.
  3162 | D:5      | Reached skill level 5 in Maces & Flails
  3216 | D:5      | Reached XP level 8. HP: 39/50 MP: 8/8
  3271 | D:5      | Found a hide-covered altar of Uskayaw.
  3304 | D:5      | Found a sacrificial altar of Ru.
  3477 | D:5      | Found a blossoming altar of Fedhas.
  3604 | D:5      | Found a glowing drain.
  3608 | Sewer    | Entered a sewer
  3647 | Sewer    | Noticed Pargi
  3667 | Sewer    | Killed Pargi
  3803 | D:5      | Noticed Pikel
  3823 | D:5      | Killed Pikel
  3824 | D:5      | Reached skill level 6 in Maces & Flails
  3860 | D:5      | Found Ecekouts's General Store.
  3874 | D:5      | Found a staircase to the Ecumenical Temple.
  3882 | D:5      | Reached XP level 9. HP: 56/56 MP: 9/9
  3897 | Temple   | Entered the Ecumenical Temple
  3911 | Temple   | Became a worshipper of Warmaster Okawaru
  4152 | D:6      | Found a hazy altar of Hepliaklqana.
  4153 | D:6      | Found a shimmering altar of Xom.
  4154 | D:6      | Noticed a spectral ugly thing
  4230 | D:6      | Found an opulent altar of Gozag.
  4289 | D:6      | Noticed Edmund
  4303 | D:6      | Killed Edmund
  4483 | D:6      | Reached skill level 1 in Invocations
  4569 | D:6      | Reached skill level 7 in Maces & Flails
  4589 | D:6      | Noticed Blork the orc
  4593 | D:6      | Killed Blork the orc
  4627 | D:6      | Noticed Sigmund
  4640 | D:6      | Killed Sigmund
  4640 | D:6      | Reached * piety under Okawaru
  5290 | D:5      | Bought a smoking mace for 192 gold pieces
  5290 | D:5      | Identified the +5 mace of Lamoyqel {holy, rC+ Will+ Dex+5}
                  | (You bought it in a shop on level 5 of the Dungeon)
  5559 | D:7      | Found an ornate altar of the Wu Jian Council.
  5625 | D:7      | Found a large runed translucent door.
  5630 | D:7      | Noticed a cyclops
  5631 | D:7      | Found a large runed translucent door.
  5631 | D:7      | Noticed a gargoyle
  5637 | D:7      | Found a large runed translucent door.
  5637 | D:7      | Found a large runed translucent door.
  5740 | D:7      | Found a glowing golden altar of the Shining One.
  5740 | D:7      | Found a white marble altar of Elyvilon.
  5744 | D:7      | Found a glowing silver altar of Zin.
  6047 | D:7      | Noticed a troll
  6055 | D:7      | Killed a troll
  6181 | D:7      | Got Sif Muna's Papyrus of Polluted Arcane Weapons
  6270 | D:7      | Reached ** piety under Okawaru
  6271 | D:7      | Reached XP level 10. HP: 63/63 MP: 12/12
  6290 | D:7      | Reached skill level 8 in Maces & Flails
  6727 | D:8      | Reached *** piety under Okawaru
  6731 | D:8      | Slain by a yak

Illustrated notes

Levels and vault maps discovered:
D:1:      ldierk_walled_garden_2, layout_loops_ring, basic_ecumenical_altar,
          serial_shops, nicolae_shop_hallway_plus
D:2:      layout_loops_ring, minmay_goblin_outpost, uniq_natasha, uniq_terence,
          uniq_jessica, uniq_robin
D:3:      layout_rooms, st_stairs_3
D:4:      layout_loops_cross
D:5:      layout_gridville, amcnicky_altar_gilded, mainiacjoe_overflow_catwalk,
          mainiacjoe_overflow_tiny_flanked, kennysheep_mini_moat,
          minmay_temple_entry_stoned_glass, gup_sewer_entry_bowl, serial_shops,
          shop, nicolae_shop_distant_corner_stores, uniq_pikel
D:6:      layout_loops_corners, grunt_gozag_breadcrumbs,
          regret_index_temple_of_mockery, uniq_sigmund, uniq_blork_the_orc,
          uniq_edmund
D:7:      layout_basic, dreamdust_divine_triumvirate, overflow_temple_1_default,
          minmay_hollow_rounded_squares
D:8:      layout_cave_pools, dilly_guarded_unrand_devastator
Temple:   corrupted_temple

Skill      XL: |  1  2  3  4  5  6  7  8  9 10 |
---------------+-------------------------------+-----
Shields        | 4 5 6 7 |  7.5
Fighting       | 4 5 6 7 |  7.7
Armour         | 4 5 6 7 |  7.6
Maces & Flails | 3 4 5 6 7 8 |  8.5
Dodging        | 1 2 3 4 |  4.1
Invocations    | 2 3 |  3.7

Action                     |  1- 3 |  4- 6 |  7- 9 | 10-12 || total
---------------------------+-------+-------+-------+-------++-------
  Melee: Flail             |    95 |   246 |   230 |       ||   571
         Mace              |       |       |    54 |    85 ||   139
  Throw: Dart              |       |     4 |    15 |       ||    19
  Evoke: Wand              |       |       |     1 |       ||     1
    Use: Scroll            |       |       |     5 |       ||     5
         Potion            |       |       |     2 |       ||     2
 Armour: Scale mail        |    71 |   123 |   108 |    62 ||   364
  Dodge: Dodged            |    53 |   166 |   206 |    65 ||   490
  Block: Buckler           |    25 |    59 |    82 |    32 ||   198

Table legend: (Time is in decaauts)
 A = Elapsed time spent in this place.
 B = Non-inter-level travel time spent in this place.
 C = Inter-level travel time spent in this place.
 D = Time resting spent in this place.
 E = Time spent auto-exploring this place.
 F = Levels seen in this place.
 G = Mean time per level.
                   A        B        C        D        E       F      G
               +--------+--------+--------+--------+--------+-----+--------+
         Total |   6857 |   6408 |    449 |    200 |   4622 |  10 |  685.7 |
       Dungeon |   6716 |   6286 |    430 |    200 |   4584 |   8 |  839.5 |
        Temple |     31 |     12 |     19 |      0 |      0 |   1 |   31.0 |
         Sewer |    110 |    110 |      0 |      0 |     38 |   1 |  110.0 |
               +--------+--------+--------+--------+--------+-----+--------+

Top non-repeatable levels by time:
     D:6: 1277 daAuts
     D:7: 1055 daAuts
     D:4: 946 daAuts
     D:1: 869 daAuts
     D:2: 862 daAuts
     D:5: 822 daAuts
     D:3: 556 daAuts
     D:8: 325 daAuts
   Sewer: 110 daAuts
  Temple: 31 daAuts
